 Dungeon Crawl Stone Soup version 0.16.0-6-gad6103a (webtiles) character file.

138896 Chiseanne the Bludgeoner (level 16, -2/110 HPs)
             Began as a Demonspawn Fighter on Mar 15, 2015.
             Was an Elder of Cheibriados.
             Slain by a deep elf sorcerer
             ... wielding a +0 quarterstaff
              (9 damage)
             ... on level 3 of the Elven Halls.
             The game lasted 02:05:15 (27209 turns).

Chiseanne the Bludgeoner (Demonspawn Fighter)      Turns: 27209, Time: 02:05:15

Health: -2/110     AC: 18    Str: 36    XL:     16   Next: 72%
Magic:  33/38      EV: 30    Int: 22    God:    Cheibriados [****..]
Gold:   1799       SH: 17    Dex: 37    Spells: 5 memorised, 4 levels left

rFire  + . .     SeeInvis .     a - +1 morningstar of the Trees {flame, rN+ MR+ Int+4}
rCold  + + +     Clarity  .     t - +0 scale mail {rF+}
rNeg   + . .     SustAb   .     c - +1 shield
rPois  +         Gourm    .     S - +2 helmet of Anonach {-Tele Str+5 Int-3 Dex+4}
rElec  .         Spirit   .     U - +2 cloak {MR+}
rCorr  .         Warding  .     z - +1 pair of gloves
rMut   .         NoTele   +     D - +0 pair of boots "Sku Phuwn" {-Cast -Tele MP+9 Int+4 Slay+3}
MR     +++..     NoCast   +     v - amulet of faith
Stlth  +++++++...               g - ring of Immorality {rPois rC+ Dex+4}
                                N - ring of Gruciesi {+Inv +Fly rC++ Str+4 Int-5}

@: agile, corroded equipment, drained, very slow, extremely resistant to hostile
enchantments, extremely stealthy
A: hooves 1, iridescent scales 2, foul stench 1, powered by pain 3, rot immunity
a: Bend Time, Temporal Distortion, Slouch, Renounce Religion, Evoke
Invisibility, Evoke Flight


You were on level 3 of the Elven Halls.
You worshipped Cheibriados.
Cheibriados was greatly pleased with you.
You were very hungry.

You visited 4 branches of the dungeon, and saw 27 of its levels.
You also visited: Labyrinth.

You collected 2645 gold pieces.
You spent 846 gold pieces at shops.

Inventory:

Hand weapons
 a - the +1 morningstar of the Trees (weapon) {flame, rN+ MR+ Int+4}
   (You found it in a labyrinth)

   It has been specially enchanted to burn those struck by it, causing extra
   injury to most foes and up to half again as much damage against particularly
   susceptible opponents.
   It affects your intelligence (+4).
   It protects you from negative energy.
   It affects your resistance to hostile enchantments.
Missiles
 i - 5 javelins
 k - 4 throwing nets
 m - 4 tomahawks of returning
 n - 3 curare-tipped needles
 w - 3 tomahawks of dispersal
 x - 2 poisoned tomahawks
 K - 65 tomahawks (quivered)
Armour
 c - a +1 shield (worn)
 t - a +0 scale mail of fire resistance (worn)
 z - a +1 pair of gloves (worn)
 D - the +0 pair of boots "Sku Phuwn" (worn) {-Cast -Tele MP+9 Int+4 Slay+3}
   (You found it on level 8 of the Dungeon)

   It affects your intelligence (+4).
   It affects your accuracy and damage with ranged weapons and melee attacks
   (+3).
   It affects your magic capacity (+9).
   It prevents spellcasting.
   It prevents most forms of teleportation.
 S - the +2 helmet of Anonach (worn) {-Tele Str+5 Int-3 Dex+4}
   (You found it on level 11 of the Dungeon)

   It affects your strength (+5).
   It affects your intelligence (-3).
   It affects your dexterity (+4).
   It prevents most forms of teleportation.
 U - a +2 cloak of magic resistance (worn)
Rods
 e - a +4 rod of the swarm (11/11)
   (You found it in a labyrinth)
 J - a +5 lightning rod (4/13)
   (You took it off a deep elf demonologist on level 3 of the Elven Halls)
 X - a +4 iron rod (9/11)
   (You took it off a deep elf fighter on level 3 of the Elven Halls)
Jewellery
 g - the ring of Immorality (right hand) {rPois rC+ Dex+4}
   (You bought it in a shop on level 12 of the Dungeon)

   [ring of dexterity]

   It affects your dexterity (+4).
   It protects you from cold.
   It protects you from poison.
 v - an amulet of faith (around neck)
 I - an uncursed ring of see invisible
 N - the ring of Gruciesi (left hand) {+Inv +Fly rC++ Str+4 Int-5}
   (You found it on level 2 of the Elven Halls)

   [ring of invisibility]

   It affects your strength (+4).
   It affects your intelligence (-5).
   It greatly protects you from cold.
   It lets you turn invisible.
   It lets you fly.
 O - a +5 ring of protection
Magical devices
 p - a wand of teleportation (6)
 A - a wand of invisibility (9)
 C - a wand of teleportation (3)
 G - a wand of lightning (0)
 M - a wand of disintegration (1)
 Y - a wand of lightning (0)
Scrolls
 h - 10 scrolls of identify
 o - 5 scrolls of remove curse
 r - 2 scrolls of fear
 s - 2 scrolls of summoning
 y - 8 scrolls of teleportation
 B - a scroll of enchant weapon
 E - a scroll of immolation
 P - a scroll of fog
 T - a scroll of recharging
Potions
 d - a potion of might
 j - 10 potions of curing
 u - a potion of heal wounds
 H - 3 potions of restore abilities
 L - 4 potions of agility
 Q - 3 potions of ambrosia
 W - a potion of resistance
Miscellaneous
 R - a plain deck of wonders
 V - a stone of tremors (inert)
Comestibles
 b - 20 fruits
 f - 8 beef jerkies
 l - 14 bread rations
 q - 4 slices of pizza
 F - 12 meat rations


   Skills:
 - Level 5.6(5.2) Fighting
   Level 8.9(8.5) Long Blades
   Level 2.6(10.9) Axes
 + Level 16.4(15.9) Maces & Flails
 - Level 5.1(4.7) Armour
 - Level 11.9(11.4) Dodging
 - Level 14.1(13.6) Stealth
 - Level 11.1(10.6) Shields
 - Level 10.2(9.7) Invocations


You had 4 spell levels left.
You knew the following spells:

 Your Spells              Type           Power        Failure   Level  Hunger
a - Confuse               Hex            #.......     98%         3    ####...
b - Ensorcelled Hibernat  Hex/Ice        #.....       78%         2    ###....
c - Dazzling Spray        Conj/Hex       #.......     98%         3    ####...
d - Apportation           Tloc           #.........   54%         1    ##.....
e - Blink                 Tloc           N/A          78%         2    ###....


Dungeon Overview and Level Annotations

Branches:
Dungeon (12/15)            Temple (0/1) D:7            Lair (8/8) D:10
 Shoals (0/5) Lair:3        Snake (0/5) Lair:6        Slime (0/6) Lair:8
    Orc (4/4) D:9             Elf (3/3) Orc:3

Altars:
Ashenzari
Cheibriados
Gozag
Kikubaaqudgha
Makhleb
Qazlal
Ru
Sif Muna
Trog
Xom
Yredelemnul
The Shining One
Beogh
Jiyva

Shops:
D:7 }   D:12 =   Orc:2 [   Orc:3 (*   Orc:4 :*[(   Elf:3 %

Annotations:
Elf:2 3 runed doors


Innate Abilities, Weirdness & Mutations

You have large cloven feet.
You are mostly covered in iridescent scales (AC +6).
You emit a foul stench.
You are powered by pain.
You are immune to rotting.


Message History

You barely miss the deep elf master archer.
The deep elf master archer is moderately wounded.
The deep elf annihilator hits you with a dagger of venom.
The deep elf annihilator looks sick.
The smoke demon gestures at you. Something smites you!
* * * LOW HITPOINT WARNING * * *
The deep elf annihilator gestures wildly while chanting.
The deep elf annihilator blinks!
The deep elf death mage gestures at you while chanting.
The bolt of negative energy misses you.
The deep elf master archer shoots an arrow of frost.
The arrow of frost hits you!!
* * * LOW HITPOINT WARNING * * *
The arrow of frost freezes you.
* * * LOW HITPOINT WARNING * * *
The deep elf master archer shoots an arrow of frost.
You block the arrow of frost.
The deep elf sorcerer hits you with a quarterstaff!
You die...

.... .... .....
..... #..... ###
.)...#
#....##.##....#
#..#.....#..#
...#....!(^.e..#...
.(.......)^)e§^.....
.....##)3ee(##.....
# ##e@)## # ## ##)##
.# ##..)## ##
##.)...## .#
#...)...# .#
##.))))## ## ##.()##
# ### ##.### ##
#.######.^.#.##.


You could see a deep elf master archer, a deep elf annihilator, a deep elf death
mage, a deep elf sorcerer, a deep elf demonologist and a smoke demon.

Vanquished Creatures
  Nikola (Elf:2)
  2 deep elf blademasters (Elf:3)
  A deep elf master archer (Elf:3)
  Agnes (Elf:2)
  Maud (Lair:5)
  6 deep elf sorcerers (Elf:3)
  An orc warlord (Orc:4)
  6 deep elf annihilators (Elf:3)
  6 deep elf demonologists
  A lorocyproca (Elf:3)
  A dire elephant (Lair:8)
  2 deep elf death magi (Elf:3)
  A deep elf high priest (Elf:3)
  A minotaur (Lab)
  11 hydras
  A catoblepas (Lair:8)
  2 dancing weapons (Elf:2)
  A deep troll shaman (Lair:8)
  21 death yaks
  6 orc high priests (Orc:4)
  Urug (Elf:1)
  A sun demon (Elf:3)
  6 deep elf knights
  7 hill giants
  10 deep elf summoners
  Pikel (D:5)
  10 deep elf conjurers
  2 ugly things
  5 orc knights
  3 orc sorcerers
  A small abomination (Elf:3)
  2 cyclopes
  3 griffons
  9 elephants (Lair:8)
  A manticore (D:12)
  A siren (Lair:3)
  An orange demon (Orc:4)
  10 black mambas
  A gargoyle (D:11)
  A rust devil (Orc:4)
  9 spiny frogs
  A kobold demonologist (D:12)
  6 fire drakes
  9 komodo dragons
  2 blue devils
  3 demonic crawlers (Elf:1)
  10 deep elf priests
  A red devil (Orc:4)
  A large abomination (Elf:3)
  A jumping spider (Elf:1)
  3 merfolk (Lair:3)
  3 wandering mushrooms
  8 polar bears
  2 hellwings (Elf:3)
  7 trolls
  5 slime creatures (D:12)
  11 blink frogs
  5 basilisks
  A spriggan (D:7)
  A naga (Lair:6)
  A wraith (D:12)
  4 redbacks (Elf:1)
  35 yaks
  26 deep elf magi
  A ynoxinul (Orc:4)
  2 wyverns
  3 ice beasts
  A hungry ghost (D:9)
  7 wolves (Lair:8)
  8 hippogriffs
  22 deep elf fighters
  5 wargs
  18 porcupines
  10 water moccasins
  A spider (Lair:6)
  24 orc warriors
  A water moccasin (shapeshifter) (Elf:3)
  6 sky beasts
  A boring beetle (Lair:7)
  A wasp (D:9)
  11 ogres
  2 lost souls (Elf:3)
  3 phantoms
  5 black bears (Lair:1)
  7 centaurs
  A necrophage (D:8)
  A brain worm (Lair:7)
  Duvessa (D:4)
  Sigmund (D:7)
  A big kobold (D:8)
  A brain worm (shapeshifter) (Elf:2)
  Blork the orc (D:8)
  11 giant frogs
  17 crocodiles
  9 killer bees
  5 scorpions
  3 goliath beetles
  10 wights
  6 electric eels
  Dowan (D:4)
  6 crimson imps
  14 hounds
  2 jellies
  23 orc priests
  2 giant frog zombies
  A giant frog skeleton (D:12)
  32 orc wizards
  8 iguanas
  19 hell rats
  5 worker ants
  A killer bee zombie (D:8)
  36 sheep
  A hound skeleton (D:8)
  A worker ant zombie (D:7)
  Robin (D:2)
  20 adders
  9 gnolls
  5 shadow imps
  A worm (D:2)
  60 river rats
  2 adder zombies
  An adder skeleton (D:8)
  An ooze (D:1)
  148 orcs
  20 bats
  A bat skeleton (D:4)
  A bat zombie (D:6)
  5 giant cockroaches
  30 goblins
  25 hobgoblins
  11 jackals
  13 kobolds
  12 quokkas
  2 ball pythons
  3 giant geckos
  4 giant newts
  3 giant spores
  5 orc zombies
  A quokka zombie (D:5)
  11 rats
  8 ballistomycetes
  2 butterflies (Lair:2)
  3 crawling corpses
  36 fungi
  18 plants
1125 creatures vanquished.

Vanquished Creatures (collateral kills)
  A deep elf death mage (Elf:3)
  2 hydras
  A naga (Lair:6)
4 creatures vanquished.

Vanquished Creatures (others)
  A deep elf death mage (Elf:3)
  A deep elf summoner (Elf:2)
  A slave (D:5)
  25 spiders
  3 lost souls (Elf:3)
  A scorpion (D:5)
  An orc priest (D:11)
  An adder (D:10)
  5 giant mites
  2 orcs
  3 hobgoblins (D:5)
  A quokka (D:5)
  2 giant spores
  5 fungi (Lair:8)
  5 plants
57 creatures vanquished.

Grand Total: 1186 creatures vanquished

Notes
Turn   | Place    | Note
--------------------------------------------------------------
     0 | D:1      | Chiseanne, the Demonspawn Fighter, began the quest for the Orb.
     0 | D:1      | Reached XP level 1. HP: 18/18 MP: 1/1
   151 | D:1      | Gained mutation: You sometimes gain a little power by taking damage. [demonic ancestry]
   151 | D:1      | Reached XP level 2. HP: 13/24 MP: 2/2
   665 | D:2      | Reached XP level 3. HP: 29/29 MP: 3/3
   834 | D:2      | Noticed Robin
   845 | D:2      | Killed Robin
   847 | D:2      | Got a twisted helmet
   862 | D:2      | Identified the +2 helmet of Grace {Regen+ Int+4 Slay-4} (You took it off Robin on level 2 of the Dungeon)
  1387 | D:2      | Reached XP level 4. HP: 36/36 MP: 4/4
  1388 | D:2      | Found a snail-covered altar of Cheibriados.
  1403 | D:2      | Became a worshipper of Cheibriados the Contemplative
  1719 | D:3      | Found a shattered altar of Ashenzari.
  1731 | D:3      | Reached skill level 1 in Dodging
  1915 | D:2      | Gained mutation: You are partially covered in iridescent scales (AC +4). [demonic ancestry]
  1915 | D:2      | Reached XP level 5. HP: 27/42 MP: 5/5
  2333 | D:3      | Reached skill level 4 in Fighting
  2387 | D:3      | Acquired Cheibriados' first power
  2777 | D:3      | Reached skill level 1 in Long Blades
  3111 | D:4      | Noticed Dowan
  3112 | D:4      | Noticed Duvessa
  3113 | D:4      | Noticed an ogre
  3123 | D:3      | Killed an ogre
  3123 | D:3      | Gained mutation: You sometimes gain power by taking damage. [demonic ancestry]
  3123 | D:3      | Reached XP level 6. HP: 41/48 MP: 6/6
  3173 | D:4      | Killed Duvessa
  3184 | D:4      | Killed Dowan
  3226 | D:4      | Found a sacrificial altar of Ru.
  3239 | D:4      | Noticed an ogre
  3243 | D:4      | Killed an ogre
  3304 | D:4      | Reached XP level 7. HP: 55/55 MP: 7/7
  3351 | D:4      | Noticed a phantom
  3356 | D:4      | Killed a phantom
  3512 | D:4      | Found a basalt altar of Yredelemnul.
  3837 | D:4      | Found an opulent altar of Gozag.
  4027 | D:5      | Entered Level 5 of the Dungeon
  4027 | D:5      | Noticed Pikel
  4039 | D:5      | Killed Pikel
  4039 | D:5      | Reached skill level 5 in Fighting
  4039 | D:5      | Reached skill level 5 in Armour
  4039 | D:5      | Reached skill level 5 in Shields
  4039 | D:5      | Gained mutation: You are immune to rotting. [demonic ancestry]
  4039 | D:5      | Reached XP level 8. HP: 33/62 MP: 8/8
  4208 | D:5      | Found an ancient bone altar of Kikubaaqudgha.
  4362 | D:5      | Found a shimmering altar of Xom.
  4394 | D:5      | Acquired Cheibriados' second power
  4826 | D:5      | Found a shattered altar of Ashenzari.
  5206 | D:5      | Found a stormy altar of Qazlal.
  5445 | D:6      | Reached skill level 6 in Shields
  5478 | D:6      | Acquired Cheibriados' third power
  6001 | D:6      | Gained mutation: You emit a foul stench. [demonic ancestry]
  6001 | D:6      | Reached XP level 9. HP: 64/68 MP: 9/9
  6159 | D:6      | Reached skill level 1 in Invocations
  6352 | D:6      | Acquired Cheibriados' fourth power
  6448 | D:7      | Found Naobiyjo's Gadget Emporium.
  6584 | D:7      | Noticed Sigmund
  6610 | D:7      | Killed Sigmund
  6822 | D:7      | Found a staircase to the Ecumenical Temple.
  6937 | D:7      | Reached skill level 7 in Shields
  7277 | D:7      | Reached skill level 5 in Dodging
  7580 | D:7      | Found a glowing golden altar of the Shining One.
  8402 | D:8      | Got a pair of heavily runed boots
  8408 | D:8      | Identified the cursed +0 pair of boots "Sku Phuwn" {-Cast -Tele MP+9 Int+4 Slay+3} (You found it on level 8 of the Dungeon)
  8477 | D:8      | Reached skill level 5 in Long Blades
  8527 | D:8      | Noticed Blork the orc
  8537 | D:8      | Killed Blork the orc
  8814 | D:8      | Found a burning altar of Makhleb.
  8867 | D:8      | Gained mutation: You have large cloven feet. [demonic ancestry]
  8867 | D:8      | Reached XP level 10. HP: 75/75 MP: 17/17
  9137 | D:9      | Learned a level 3 spell: Confuse
  9187 | D:9      | Found a staircase to the Orcish Mines.
  9210 | D:9      | Reached skill level 8 in Shields
  9757 | D:10     | Entered Level 10 of the Dungeon
  9800 | D:10     | Noticed a hill giant
  9837 | D:10     | Killed a hill giant
  9837 | D:10     | Reached skill level 5 in Invocations
 10036 | D:10     | Noticed a hill giant
 10048 | D:10     | Killed a hill giant
 10124 | D:10     | Noticed a hill giant
 10129 | D:10     | Killed a hill giant
 10129 | D:10     | Reached skill level 9 in Shields
 10136 | D:10     | Gained mutation: You are powered by pain. [demonic ancestry]
 10136 | D:10     | Reached XP level 11. HP: 74/80 MP: 20/20
 10142 | D:10     | Found a staircase to the Lair.
 10649 | D:10     | Learned a level 2 spell: Ensorcelled Hibernation
 10653 | D:10     | Learned a level 3 spell: Dazzling Spray
 10800 | D:11     | Got a translucent helmet
 11117 | D:11     | Identified a scroll of acquirement
 11159 | D:11     | Noticed a five-headed hydra
 11166 | D:11     | Killed a five-headed hydra
 12287 | D:12     | Found a bloodstained altar of Trog.
 12292 | D:12     | Noticed a hill giant
 12304 | D:12     | Killed a hill giant
 12304 | D:12     | Reached skill level 10 in Dodging
 12315 | D:12     | Noticed a hill giant
 12322 | D:12     | Killed a hill giant
 12762 | D:12     | Reached skill level 10 in Shields
 12762 | D:12     | Reached XP level 12. HP: 45/86 MP: 23/23
 12962 | D:12     | Found Cliput's Jewellery Shoppe.
 12965 | D:12     | Bought the ring of Immorality {rPois rC+ Dex+4} for 452 gold pieces
 12965 | D:12     | Bought a cursed -5 ring of evasion for 20 gold pieces
 13369 | D:11     | Noticed a hill giant
 13381 | D:11     | Killed a hill giant
 13407 | Lair:1   | Entered Level 1 of the Lair of Beasts
 13443 | Lair:1   | Learned a level 1 spell: Apportation
 13446 | Lair:1   | Learned a level 2 spell: Blink
 13446 | Lair:1   | Identified the +2 helmet of Anonach {-Tele Str+5 Int-3 Dex+4} (You found it on level 11 of the Dungeon)
 13602 | Lair:1   | Found a deep blue altar of Sif Muna.
 13941 | Lair:1   | Reached skill level 11 in Dodging
 15168 | Lair:2   | Noticed an eight-headed hydra
 15171 | Lair:2   | Killed an eight-headed hydra
 15970 | Lair:3   | Reached XP level 13. HP: 92/92 MP: 26/26
 16365 | Lair:3   | Found a staircase to the Shoals.
 16370 | Lair:3   | Reached skill level 10 in Invocations
 16791 | Lair:4   | Reached skill level 1 in Stealth
 17023 | Lair:4   | Reached skill level 5 in Stealth
 17931 | Lair:5   | You fall through a shaft!
 17973 | Lair:6   | Reached skill level 10 in Stealth
 18253 | Lair:6   | Found a staircase to the Snake Pit.
 18519 | Lair:6   | Reached skill level 12 in Stealth
 18916 | Lair:7   | Found a labyrinth entrance.
 18921 | Lab      | Entered a labyrinth
 19374 | Lab      | Got a transparent morningstar
 19385 | Lab      | Identified a +4 rod of the swarm (11/11) (You found it in a labyrinth)
 19386 | Lab      | Identified the +1 morningstar of the Trees {flame, rN+ MR+ Int+4} (You found it in a labyrinth)
 19416 | Lair:7   | Reached skill level 13 in Stealth
 19625 | Lair:7   | Reached XP level 14. HP: 67/98 MP: 28/28
 19636 | Lair:7   | Reached skill level 14 in Stealth
 19989 | Lair:7   | Reached skill level 1 in Maces & Flails
 20305 | Lair:8   | Entered Level 8 of the Lair of Beasts
 20470 | Lair:8   | Reached skill level 5 in Maces & Flails
 21318 | Lair:8   | Found a viscous altar of Jiyva.
 21318 | Lair:8   | Found a staircase to the Slime Pits.
 21707 | Lair:5   | Identified the Handbook of Icy Combat Magic
 22102 | Lair:5   | Noticed Maud
 22127 | Lair:5   | Killed Maud
 22127 | Lair:5   | Reached skill level 10 in Maces & Flails
 22127 | Lair:5   | Gained mutation: You are mostly covered in iridescent scales (AC +6). [demonic ancestry]
 22127 | Lair:5   | Reached XP level 15. HP: 104/104 MP: 28/28
 22727 | Orc:1    | Entered Level 1 of the Orcish Mines
 23087 | Orc:2    | Found a roughly hewn altar of Beogh.
 23087 | Orc:2    | Found Plyas' Armour Shop.
 23430 | Orc:2    | Found a roughly hewn altar of Beogh.
 23625 | Orc:2    | Found a bloodstained altar of Trog.
 23947 | Orc:3    | Found a burning altar of Makhleb.
 23971 | Orc:3    | Found Wuronafi's Antique Weapon Shoppe.
 24035 | Orc:3    | Found a staircase to the Elven Halls.
 24099 | Orc:3    | Found Xieshat's Assorted Antiques.
 24109 | Orc:3    | Bought a scroll labeled APIPICKIMICK for 26 gold pieces
 24109 | Orc:3    | Bought a scroll of identify for 52 gold pieces
 24109 | Orc:3    | Bought a potion of restore abilities for 130 gold pieces
 24109 | Orc:3    | Bought a scroll labeled APIPICKIMICK for 26 gold pieces
 24316 | Orc:4    | Entered Level 4 of the Orcish Mines
 24374 | Orc:4    | Found Uxeelox's Antique Weapon Emporium.
 24464 | Orc:4    | Found a roughly hewn altar of Beogh.
 24533 | Orc:4    | Found Sacvajae's Book Shoppe.
 24556 | Orc:4    | Found Qenotty's Antique Armour Boutique.
 24701 | Orc:4    | Found Tiath's General Store.
 24842 | Orc:4    | Bought a scroll of identify for 28 gold pieces
 24842 | Orc:4    | Bought a potion of ambrosia for 112 gold pieces
 25322 | Elf:1    | Entered Level 1 of the Elven Halls
 25416 | Elf:1    | Found a flickering gateway to a bazaar.
 25602 | Elf:1    | Noticed a Hell Sentinel
 25830 | Elf:1    | Noticed Urug
 25863 | Elf:1    | Killed Urug
 26236 | Elf:1    | Found a burning altar of Makhleb.
 26338 | Elf:2    | Got a twitching glass ring
 26369 | Elf:2    | Identified the ring of Gruciesi {+Inv +Fly rC++ Str+4 Int-5} (You found it on level 2 of the Elven Halls)
 26690 | Elf:2    | Noticed Agnes
 26707 | Elf:2    | Killed Agnes
 26713 | Elf:2    | Noticed Nikola
 26730 | Elf:2    | Killed Nikola
 26730 | Elf:2    | Reached XP level 16. HP: 67/110 MP: 29/29
 26852 | Elf:2    | Found a runed gate.
 26852 | Elf:2    | Found a runed gate.
 26852 | Elf:2    | Found a runed gate.
 26963 | Elf:3    | Entered Level 3 of the Elven Halls
 26965 | Elf:3    | Found Bimnoled's Food Shop.
 27089 | Elf:3    | Noticed a deep elf master archer
 27097 | Elf:3    | Noticed a deep elf blademaster
 27099 | Elf:3    | Reached skill level 15 in Maces & Flails
 27099 | Elf:3    | Killed a deep elf blademaster
 27100 | Elf:3    | Killed a deep elf master archer
 27110 | Elf:3    | Noticed a deep elf blademaster
 27122 | Elf:3    | Killed a deep elf blademaster
 27139 | Elf:3    | Reached skill level 16 in Maces & Flails
 27192 | Elf:3    | Noticed a deep elf master archer
 27201 | Elf:3    | HP: 5/110 [acid (8)]
 27209 | Elf:3    | Slain by a deep elf sorcerer

Action                   |  1- 3 |  4- 6 |  7- 9 | 10-12 | 13-15 | 16-18 || total
-------------------------+-------+-------+-------+-------+-------+-------++-------
Melee: War axe           |    81 |    70 |       |       |       |       ||   151
       Long sword        |       |   116 |   367 |   550 |   267 |       ||  1300
       Whip              |       |       |       |     1 |       |       ||     1
       Morningstar       |       |       |       |       |   821 |   113 ||   934
       Mace              |       |       |       |       |     9 |       ||     9
Throw: Tomahawk          |       |       |       |    11 |    59 |       ||    70
Invok: Slouch            |       |       |       |    18 |    42 |     6 ||    66
       Temporal Distorti |       |       |       |       |     1 |       ||     1
Evoke: Wand              |       |       |     2 |     8 |    15 |     3 ||    28
       Sack of spiders   |       |       |       |       |    15 |    11 ||    26
       Stone of tremors  |       |       |       |       |     1 |     1 ||     2
  Use: Scroll            |     5 |     2 |    10 |    14 |     5 |       ||    36
       Potion            |       |     1 |     2 |       |     3 |     5 ||    11
 Stab: Sleeping          |       |       |     2 |     6 |    29 |     2 ||    39
       Distracted        |       |       |     1 |       |     4 |     3 ||     8
  Eat: Chunk             |     1 |     6 |     8 |    19 |    28 |     2 ||    64
       Beef jerky        |       |       |     2 |       |       |       ||     2
       Pizza             |       |       |     1 |       |       |       ||     1
       Fruit             |       |       |       |       |     3 |       ||     3
